 Dungeon Crawl Stone Soup version 0.20.0-8-g6b59dc7 (webtiles) character file.

2232 lauthentik the Covert (level 9, -2/61 HPs)
             Began as a Vampire Enchanter on May 30, 2017.
             Was a Follower of Kikubaaqudgha.
             Slain by a catoblepas (12 damage)
             ... on level 8 of the Dungeon.
             The game lasted 00:22:50 (6202 turns).

lauthentik the Covert (Vampire Enchanter)           Turns: 6202, Time: 00:22:51

Health: -2/61      AC:  2    Str:  7    XL:     9   Next: 14%
Magic:  14/16      EV:  2    Int: 21    God:    Kikubaaqudgha [*.....]
Gold:   160        SH:  0    Dex: 14    Spells: 4/17 levels left

rFire    . . .     SeeInvis +   x - +1 dagger (drain)
rCold    + . .     Gourm    .   v - +0 buckler
rNeg     + + +     Faith    .   y - +0 robe
rPois    ∞         Spirit   .   (no helmet)
rElec    .         Reflect  .   (no cloak)
rCorr    .         Harm     .   (no gloves)
MR       .....                  (no boots)
Stlth    ++++++....             (no amulet)
Regen    0.1/turn               (no ring)
MPRegen  0.2/turn               (no ring)

@: petrified, regenerating slowly
A: fangs 3, see invisible, unbreathing
a: Bat Form, Receive Corpses, Renounce Religion


You were on level 8 of the Dungeon.
You worshipped Kikubaaqudgha.
Kikubaaqudgha was aware of your devotion.
You were thirsty.

You visited 2 branches of the dungeon, and saw 9 of its levels.

You collected 272 gold pieces.
You spent 112 gold pieces at shops.

Inventory:

Hand Weapons
 a - a +2 dagger
 x - a +1 dagger of draining (weapon)
Missiles
 o - 9 tomahawks (quivered)
 K - a throwing net
Armour
 b - a +0 robe
 v - a +0 buckler (worn)
 y - a +0 robe (worn)
Jewellery
 w - a +3 ring of evasion {unknown}
Wands
 B - a wand of random effects (12/48)
 D - a wand of digging (15/24)
Scrolls
 f - 3 scrolls of magic mapping
 g - 2 scrolls of identify
 i - 4 scrolls of remove curse
 l - a scroll of enchant weapon
 n - 2 scrolls of recharging {unknown}
 q - 2 scrolls of enchant armour {unknown}
 u - a scroll of fog {unknown}
 A - 2 scrolls of teleportation {unknown}
 E - a scroll of amnesia {unknown}
 F - a scroll of immolation {unknown}
 G - a scroll of fear {unknown}
 H - a scroll of noise {unknown}
Potions
 d - 6 potions of blood
 e - a potion of flight
 h - 5 potions of heal wounds
 j - 4 potions of haste {unknown}
 k - a potion of brilliance {unknown}
 m - a potion of magic {unknown}
 p - a potion of lignification {unknown}
 r - a potion of degeneration {unknown}
 s - a potion of agility {unknown}
 t - a potion of berserk rage {unknown}
 z - 2 potions of resistance {unknown}
 I - a potion of might {unknown}
 J - a potion of curing
Books
 c - a book of Maledictions

   Spells                             Type                      Level
   a - Corona                         Hexes                        1
   b - Ensorcelled Hibernation        Hexes/Ice                    2
   c - Confuse                        Hexes                        3
   d - Tukima's Dance                 Hexes                        3
   e - Dazzling Spray                 Conjuration/Hexes            3
 C - Kikubaaqudgha's Reference Book on Necromancy
   (Kikubaaqudgha gifted it to you on level 5 of the Dungeon)

   Spells                             Type                      Level
   a - Pain                           Necromancy                   1
   b - Corpse Rot                     Necromancy                   2
   c - Sublimation of Blood           Necromancy                   2
   d - Regeneration                   Charms/Necromancy            3
   e - Control Undead                 Necromancy                   4


   Skills:
 + Level 1.7 Fighting
 + Level 4.1 Short Blades
   Level 0.1 Polearms
 + Level 3.5 Dodging
 + Level 11.3 Stealth
 + Level 0.5 Shields
 + Level 4.6 Spellcasting
 + Level 9.2 Hexes
 + Level 2.2 Necromancy
 + Level 3.3 Ice Magic


You had 4 spell levels left.
You knew the following spells:

 Your Spells              Type           Power        Failure   Level  Hunger
a - Ensorcelled Hibernat  Hex/Ice        ####..       1%          2    #......
b - Corona                Hex            #####..      1%          1    None
c - Confuse               Hex            #####...     1%          3    ##.....
d - Corpse Rot            Necr           N/A          11%         2    #......
e - Sublimation of Blood  Necr           ##........   11%         2    #......
f - Regeneration          Chrm/Necr      #.........   32%         3    ##.....


Dungeon Overview and Level Annotations

Branches:
Dungeon (8/15)             Temple (1/1) D:5
   Lair: D:8-11

Altars:
Ashenzari
Cheibriados
Dithmenos
Fedhas
Gozag
Hepliaklqana
Kikubaaqudgha
Makhleb
Nemelex Xobeh
Okawaru
Qazlal
Ru
Sif Muna
Trog
Uskayaw
Vehumet
Xom
Yredelemnul
Zin
The Shining One
Jiyva

Shops:
D:7 !


Innate Abilities, Weirdness & Mutations

You heal slowly.
You have razor-sharp teeth.
You have supernaturally acute eyesight. (SInv)
You can survive without breathing.


Message History

The catoblepas breathes a plume of calcifying dust at you.
The blast of calcifying dust hits you!
* * * LOW HITPOINT WARNING * * *
The blast of calcifying dust hits the orc wizard.
The blast of calcifying dust hits the orc.
The orc wizard is engulfed in calcifying dust.
The orc wizard is moving more slowly.
The orc wizard hits you but does no damage.
The orc is engulfed in calcifying dust.
The orc is moving more slowly.
The catoblepas gores you!
* * * LOW HITPOINT WARNING * * *
The orc wizard is engulfed in calcifying dust.
The orc wizard stops moving altogether!
You hear a shout!
The orc is engulfed in calcifying dust.
The orc stops moving altogether!
The catoblepas gores you.
The orc wizard is engulfed in calcifying dust.
The orc is engulfed in calcifying dust.
The catoblepas gores you!!
You die...
Kikubaaqudgha rasps: "You have failed me!
Welcome... oblivion!"

#.##.####.# ..l...
..........# ....#
..##......# ...# #
..#S#.###.#
####.########.#
...#...#
...........<..#
...g.g...# . ##.##
#o####.g...# # J..
#@# #....## ..#.
###Y#####..## ...
.. #.ggg.# #..#
....
..##.....###..#
............%....#
#..##.....###..#
.. #.....# # #
#.##### #.


You could see a catoblepas, a gnoll shaman, an orc wizard (petrified), 2 gnolls
and 2 orcs.

Vanquished Creatures
  Pikel (D:5)
  The ghost of Monsterracer the Destroyer, a novice DECj (D:6)
  Grinder (D:5)
  An orc warrior (D:6)
  An ogre (D:6)
  A centaur (D:5)
  A bullfrog (D:6)
  A water moccasin zombie (D:3)
  A scorpion (D:5)
  2 howler monkeys
  4 crimson imps
  2 hounds
  A centaur skeleton (D:4)
  3 orc priests
  Ijyb (D:5)
  2 iguanas (D:5)
  2 orc wizards
  3 worker ants
  A hound zombie (D:6)
  A worker ant zombie (D:5)
  14 adders
  2 gnolls (D:8)
  2 shadow imps (D:6)
  An ooze (D:6)
  2 adder skeletons
  An adder zombie (D:7)
  A worm (D:3)
  3 dart slugs
  A leopard gecko (D:4)
  13 orcs
  4 bats
  4 giant cockroaches
  5 goblins
  4 hobgoblins
  9 jackals
  7 kobolds
  2 quokkas
  4 frilled lizards
  A quokka skeleton (D:3)
  2 quokka zombies
  6 rats
119 creatures vanquished.

Vanquished Creatures (others)
  A gnoll (D:8)
  12 plants (D:5)
13 creatures vanquished.

Grand Total: 132 creatures vanquished

Notes
Turn   | Place    | Note
-------+----------+-------------------------------------------
     0 | D:1      | lauthentik the Vampire Enchanter began the quest for the Orb.
     0 | D:1      | Reached XP level 1. HP: 13/13 MP: 3/3
   182 | D:1      | Reached XP level 2. HP: 19/19 MP: 5/5
   270 | D:1      | Learned a level 2 spell: Ensorcelled Hibernation
   352 | D:1      | Reached skill level 5 in Hexes
   459 | D:1      | Found a viscous altar of Jiyva.
   859 | D:2      | Reached skill level 5 in Stealth
   859 | D:2      | Reached XP level 3. HP: 21/24 MP: 3/6
  1568 | D:2      | Reached XP level 4. HP: 22/30 MP: 4/7
  1880 | D:3      | Reached skill level 1 in Ice Magic
  1973 | D:3      | Learned a level 3 spell: Confuse
  2083 | D:3      | Found a shattered altar of Ashenzari.
  2353 | D:3      | Reached skill level 6 in Stealth
  2353 | D:3      | Reached XP level 5. HP: 35/35 MP: 3/8
  2457 | D:4      | Reached skill level 7 in Stealth
  2825 | D:4      | Reached XP level 6. HP: 42/42 MP: 9/9
  3297 | D:5      | Entered Level 5 of the Dungeon
  3301 | D:5      | Noticed a slave
  3305 | D:5      | Noticed Pikel
  3306 | D:5      | Noticed a slave
  3317 | D:5      | Found a staircase to the Ecumenical Temple.
  3323 | Temple   | Entered the Ecumenical Temple
  3439 | Temple   | Became a worshipper of Kikubaaqudgha
  3555 | D:5      | Reached skill level 8 in Stealth
  3590 | D:5      | Reached XP level 7. HP: 47/47 MP: 11/11
  3622 | D:5      | Noticed Grinder
  3683 | D:5      | Killed Grinder
  3683 | D:5      | Reached skill level 9 in Stealth
  4367 | D:5      | Noticed Ijyb
  4454 | D:5      | Killed Pikel
  4454 | D:5      | Reached * piety under Kikubaaqudgha
  4454 | D:5      | Identified Kikubaaqudgha's Reference Book on Necromancy (Kikubaaqudgha gifted it to you on level 5 of the Dungeon)
  4454 | D:5      | Received a gift from Kikubaaqudgha
  4454 | D:5      | Reached skill level 1 in Fighting
  4454 | D:5      | Reached skill level 10 in Stealth
  4454 | D:5      | Reached XP level 8. HP: 49/54 MP: 7/13
  4459 | D:5      | Learned a level 2 spell: Corpse Rot
  4557 | D:5      | Killed Ijyb
  5302 | D:6      | Noticed Monsterracer's ghost (novice DECj)
  5403 | D:6      | Killed Monsterracer's ghost
  5403 | D:6      | Reached skill level 1 in Necromancy
  5451 | D:6      | Found a basalt altar of Yredelemnul.
  5453 | D:6      | Found a burning altar of Makhleb.
  5455 | D:6      | Found a radiant altar of Vehumet.
  5456 | D:6      | Found a hide-covered altar of Uskayaw.
  5554 | D:6      | Reached skill level 11 in Stealth
  5554 | D:6      | Reached XP level 9. HP: 61/61 MP: 12/15
  5716 | D:7      | Found Duuxett's Distillery.
  5743 | D:8      | Noticed a catoblepas
  5759 | D:7      | Bought a potion of curing for 42 gold pieces
  5759 | D:7      | Bought a potion of heal wounds for 70 gold pieces
  6067 | D:7      | Learned a level 2 spell: Sublimation of Blood
  6170 | D:8      | Learned a level 3 spell: Regeneration
  6202 | D:8      | Slain by a catoblepas

Skill      XL: |  1  2  3  4  5  6  7  8  9 |
---------------+----------------------------+-----
Hexes          | 5 6 8 9 |  9.2
Stealth        | 5 6 7 8 10 11 | 11.3
Ice Magic      | 1 2 3 |  3.3
Short Blades   | 2 4 |  4.1
Dodging        | 3 |  3.5
Spellcasting   | 3 4 |  4.6
Fighting       | 1 |  1.7
Necromancy     | 1 2 |  2.2
Polearms       | |  0.1
Shields        | |  0.5

Action                   |  1- 3 |  4- 6 |  7- 9 || total
-------------------------+-------+-------+-------++-------
Melee: Dagger            |    76 |    99 |   114 ||   289
       Spear             |    15 |       |       ||    15
       Bite              |     5 |     5 |    11 ||    21
       Unarmed           |       |     4 |       ||     4
 Cast: Corona            |     4 |       |       ||     4
       Ensorcelled Hiber |    16 |    32 |    35 ||    83
       Confuse           |       |     2 |     9 ||    11
       Regeneration      |       |       |     1 ||     1
 Abil: End Transformatio |       |     1 |       ||     1
       Bat Form          |       |     1 |       ||     1
  Use: Scroll            |     4 |     1 |       ||     5
       Potion            |     1 |     1 |     4 ||     6
 Stab: Sleeping          |    19 |    39 |    31 ||    89
       Confused          |       |     1 |     6 ||     7
Armor: Robe              |    15 |     7 |     9 ||    31
Dodge: Dodged            |    54 |    46 |    40 ||   140
Block: Buckler           |       |       |    12 ||    12
